 Dungeon Crawl Stone Soup version 0.20.1-1-g8b1a95d (webtiles) character file.

164 Linguinho the Covert (level 5, 0/39 HPs)
             Began as a Spriggan Assassin on Oct 29, 2017.
             Was an Initiate of Ashenzari.
             Succumbed to an adder's poison
             ... on level 4 of the Dungeon.
             The game lasted 00:10:18 (2846 turns).

Linguinho the Covert (Spriggan Assassin)            Turns: 2846, Time: 00:10:19

Health: 0/39       AC:  3    Str: 12      XL:     5   Next: 21%
Magic:  6/6        EV: 18    Int: 10 (12) God:    Ashenzari [......]
Gold:   86         SH:  0    Dex: 18 (19) Spells: 4/4 levels left

rFire    . . .     SeeInvis +   l - -1 short sword (curse)
rCold    . . .     Gourm    .   (shield restricted)
rNeg     . . .     Faith    .   c - +0 robe
rPois    .         Spirit   .   (helmet restricted)
rElec    .         Reflect  .   d - +0 cloak
rCorr    .         Harm     .   (gloves unavailable)
MR       .....                  (boots unavailable)
Stlth    ..........             (no amulet)
Regen    0.2/turn               (no ring)
MPRegen  0.1/turn               (no ring)

@: mighty, berserking, lethally poisoned (0 -> -1), very quick
A: unfitting armour, beak, see invisible, deterioration 1, herbivore 3, speed 3,
slow metabolism 2
a: Curse Item, Renounce Religion


You were on level 4 of the Dungeon.
You worshipped Ashenzari.
Ashenzari was noncommittal.
You were not hungry.

You visited 1 branch of the dungeon, and saw 4 of its levels.
You also visited: Sewer.

You collected 86 gold pieces.

Inventory:

Hand Weapons
 a - a cursed +2 dagger
 b - a +0 blowgun
 l - a cursed -1 short sword (weapon)
 n - a +0 short sword
 o - a cursed +0 dagger
Missiles
 e - 55 poisoned needles
 f - 2 curare-tipped needles
 j - 25 stones (quivered)
Armour
 c - a +0 robe (worn)
 d - a +0 cloak (worn)
Jewellery
 q - a cursed +3 ring of evasion
Scrolls
 m - a scroll of remove curse
Comestibles
 g - 3 bread rations
 k - a royal jelly


   Skills:
 + Level 2.0 Fighting
 + Level 3.3 Short Blades
 + Level 2.1 Throwing
 + Level 3.1 Dodging
 + Level 8.2 Stealth


You had 4 spell levels left.
You didn't know any spells.

Dungeon Overview and Level Annotations

Branches:
Dungeon (4/15)
 Temple: D:4-7

Altars:
Ashenzari


Innate Abilities, Weirdness & Mutations

You are very small and have problems with some larger weapons.
You are too small for most types of armour.
You have supernaturally acute eyesight. (SInv)
You are a herbivore.
You cover ground extremely quickly.
You need consume almost no food.
You have a beak for a mouth.
Your body sometimes deteriorates upon taking damage.


Message History

You closely miss the adder. You peck the adder!
The adder is severely wounded.
* * * LOW HITPOINT WARNING * * *
You feel sick.
The quokka splashes around in the water.
You puncture the adder!
You kill the adder!
Your Fighting skill increases to level 2!
You barely miss the rat. You peck the rat.
You kill the rat!
The quokka splashes around in the water.
You closely miss the rat. The quokka misses you.
You puncture the rat!
You kill the rat!
The quokka splashes around in the water.
You puncture the rat!
You kill the rat!
You hit the quokka.
You kill the quokka!
You die...

...........#......
...............$...
....................
....................
....................
.........≈≈≈........
........≈≈≈≈≈...%...
.......@†w.≈≈.......
....#..†≈≈≈≈≈.....>. #
#....≈≈≈........
..................
..............#.###
........###...#..#
........##...#..########
........##.....## #.....
....#.....#####.....


You could see a worm.

Vanquished Creatures
  A scorpion (D:4)
  4 adders
  2 river rats (Sewer)
  An ooze (D:1)
  2 worms
  A leopard gecko (D:1)
  2 ball pythons
  10 bats
  4 giant cockroaches
  A goblin (D:2)
  7 hobgoblins
  A jackal (Sewer)
  A quokka (D:4)
  4 frilled lizards (D:2)
  3 kobolds
  13 rats
57 creatures vanquished.

Notes
Turn   | Place    | Note
-------+----------+-------------------------------------------
     0 | D:1      | Linguinho the Spriggan Assassin began the quest for the Orb.
     0 | D:1      | Reached XP level 1. HP: 10/10 MP: 2/2
    69 | D:1      | Reached skill level 6 in Stealth
    92 | D:1      | Reached XP level 2. HP: 9/14 MP: 3/3
   477 | D:1      | Reached skill level 7 in Stealth
   710 | D:1      | Reached XP level 3. HP: 9/18 MP: 4/4
  1551 | D:2      | Found a shattered altar of Ashenzari.
  1603 | D:2      | Became a worshipper of Ashenzari the Shackled
  1970 | D:2      | Reached XP level 4. HP: 22/22 MP: 5/5
  1972 | D:2      | Gained mutation: Your body sometimes deteriorates upon taking damage. [potion of mutation]
  1972 | D:2      | Gained mutation: You have a beak for a mouth. [potion of mutation]
  2426 | D:3      | HP: 1/23 [orc priest/divine providence (14)]
  2439 | D:4      | Reached skill level 8 in Stealth
  2654 | D:4      | Found a glowing drain.
  2666 | Sewer    | Entered a sewer
  2670 | Sewer    | Reached XP level 5. HP: 14/26 MP: 6/6
  2836 | D:4      | HP: 1/26 [poisoned by an adder]
  2846 | D:4      | Succumbed to an adder's poison

Skill      XL: |  1  2  3  4  5 |
---------------+----------------+-----
Stealth        | 6 7 8 |  8.2
Dodging        | 2 3 |  3.1
Short Blades   | 3 |  3.3
Fighting       | 2 |  2.0
Throwing       | |  2.1

Action                   |  1- 3 |  4- 6 || total
-------------------------+-------+-------++-------
Melee: Dagger            |    32 |       ||    32
       Short sword       |   141 |   116 ||   257
       Peck              |       |    21 ||    21
Throw: Stone             |       |     4 ||     4
Invok: Curse Item        |       |     1 ||     1
  Use: Potion            |     3 |     4 ||     7
       Scroll            |     3 |     1 ||     4
 Stab: Sleeping          |    17 |     5 ||    22
       Distracted        |       |     1 ||     1
Armor: Robe              |    13 |     7 ||    20
Dodge: Dodged            |   107 |    87 ||   194
